AoeStats
← rarekittenz67

Fortress

508555916Analyzed
2v2 RM · 8d ago on Sep 23, 2026· 47m 54s· 4 players
Game mode
Random Map
Map size
Normal (6 player)
Population
200
Speed
Normal
Resources
Standard
Victory
Conquest
Starting age
Dark Age
Ending age
Imperial Age
RankedLock teamsTeams togetherTeam positionsShared explorationLock speedFull tech treeHidden civsTurbo modeCheats
Victory
Defeat
🇺🇸 Celts · United States
957
+17
🇺🇸 Franks · United States
938
+17
🇨🇦 Koreans · Canada
973
-17
🇨🇦 Spanish · Canada
970
-17
ArrestedZeus
7:21 Feudal Age
7:47 Double-Bit Axe
7:43 Horse Collar
9:00 Arson
10:00 Wheelbarrow
9:46 Gold Mining
13:38 Castle Age
14:58 Bow Saw
15:32 Heavy Plow
16:15 Loom
17:14 Gold Shaft Mining
17:05 Hand Cart
20:59 Forging
25:39 Scale Mail Armor
26:14 Iron Casting
28:21 Imperial Age
25:54 Stronghold
26:01 Gambesons
27:01 Fortified Wall
26:47 Murder Holes
27:13 Ballistics
27:03 Masonry
27:08 Town Watch
27:04 Pikeman
28:02 Chain Mail Armor
27:39 Fletching
28:39 Town Patrol
28:43 Padded Archer Armor
30:11 Conscription
30:24 Plate Mail Armor
30:55 Blast Furnace
31:21 Hoardings
30:56 Siege Engineers
31:53 Chemistry
31:24 Bodkin Arrow
32:24 Furor Celtica
33:10 Elite Woad Raider
33:39 Onager
36:18 Siege Onager
44:01 Capped Ram
47:42 Siege Ram
rarekittenz67
8:13 Feudal Age
9:50 Loom
12:27 Castle Age
10:34 Double-Bit Axe
14:21 Scale Barding Armor
15:43 Wheelbarrow
15:30 Bow Saw
43:34 Imperial Age
46:24 Imperial Age
46:29 Gold Mining
SukeLW
3:30 Loom
6:42 Feudal Age
11:00 Castle Age
10:59 Horse Collar
11:19 Double-Bit Axe
30:12 Imperial Age
37:27 Chemistry
36:19 Elite Conquistador
Schmingledorf
2:01 Loom
8:33 Feudal Age
12:20 Castle Age
11:04 Gold Mining
11:11 Double-Bit Axe
19:14 Squires
19:23 Scale Mail Armor
Connection lost

Rejoining the realm…

Still unreachable

The connection could not be restored.

Session expired

The server has moved on; the page needs a fresh start.